 Dungeon Crawl Stone Soup version 0.17-a0-469-g696e5a1 (webtiles) character file.

141 Fluffy the Shield-Bearer (level 5, -6/46 HPs)
             Began as a Minotaur Fighter on Apr 6, 2015.
             Mangled by emiel's ghost (9 damage)
             ... on level 4 of the Dungeon.
             The game lasted 00:04:58 (1870 turns).

Fluffy the Shield-Bearer (Minotaur Fighter)         Turns: 1870, Time: 00:04:58

Health: -6/46      AC:  7    Str: 21    XL:     5   Next: 3%
Magic:  4/4        EV:  7    Int:  5    God:
Gold:   187        SH:  9    Dex: 10    Spells: 0 memorised, 4 levels left

rFire  . . .     SeeInvis .     a - +1 long sword
rCold  . . .     Clarity  .     b - +0 scale mail
rNeg   . . .     SustAb   +     c - +0 shield
rPois  .         Gourm    .     (helmet restricted)
rElec  .         Spirit   .     (no cloak)
rCorr  .         Warding  .     (no gloves)
rMut   .         Stasis   .     (no boots)
MR     .....                    (no amulet)
Stlth  ..........               s - ring of sustain abilities
                                r - ring of invisibility

@: not resistant to hostile enchantments, extremely unstealthy
A: retaliatory headbutt, horns 2, deterioration 1, mutation resistance 1
a: Evoke Invisibility


You were on level 4 of the Dungeon.
You were hungry.

You visited 1 branch of the dungeon, and saw 4 of its levels.

You collected 187 gold pieces.

Inventory:

Hand weapons
 a - a +1 long sword (weapon)
Armour
 b - a +0 scale mail (worn)
 c - a +0 shield (worn)
Jewellery
 r - a ring of invisibility (left hand)
 s - a ring of sustain abilities (right hand)
Scrolls
 i - 2 scrolls of fear
 k - a scroll of teleportation
 n - 3 scrolls of blinking
Potions
 e - 2 potions of might
 f - 2 potions of haste
 g - a potion of agility {unknown}
 j - a potion of magic {unknown}
 o - 2 potions of restore abilities {unknown}
Comestibles
 d - 2 bread rations
 h - 2 meat rations
 q - a beef jerky


   Skills:
 + Level 4.3 Fighting
 + Level 3.7 Long Blades
 + Level 4.7 Armour
 + Level 4.8 Shields


You had 4 spell levels left.
You didn't know any spells.

Dungeon Overview and Level Annotations

Branches:
Dungeon (4/15)
 Temple: D:4-7

Altars:

Annotations:
D:4 emiel's ghost, average MfWn


Innate Abilities, Weirdness & Mutations

You reflexively headbutt those who attack you in melee.
You have a pair of horns on your head.
Your body is slowly deteriorating.
You are somewhat resistant to further mutation.


Message History

Emiel's ghost hits you!
You hit emiel's ghost but do no damage.
Emiel's ghost is heavily damaged.
You block emiel's ghost's attack.
You closely miss emiel's ghost.
You headbutt emiel's ghost, but do no damage.
Emiel's ghost is heavily damaged.
Emiel's ghost says, "Your head would complement my pike nicely."
Emiel's ghost hits you!
* * * LOW HITPOINT WARNING * * *
Emiel's ghost hits you.
* * * LOW HITPOINT WARNING * * *
You completely miss emiel's ghost.
Emiel's ghost is heavily damaged.
Emiel's ghost barely misses you.
Unknown command.
You hit emiel's ghost.
Emiel's ghost is heavily damaged.
Emiel's ghost hits you!
You die...

...........######.###
....................#
....................##
...........######....##
..##......## #.....# #.
.##.......## ##.....###...
...........#####............
................W..........#
................@..........#
...................###.....#
..................## ....#
.......#.........## ....
..................# ...
..................# .
............##...(.
............####....
......#.....# ##.


You could see emiel's ghost.

Vanquished Creatures
  An iguana (D:4)
  A worker ant (D:4)
  2 adders (D:3)
  A worm (D:3)
  5 giant geckos
  6 giant cockroaches
  4 hobgoblins
  A jackal (D:2)
  2 quokkas (D:2)
  6 bats
  5 giant newts
  9 goblins
  11 kobolds
  10 rats
  A bush (D:1)
  A plant (D:1)
66 creatures vanquished.

Notes
Turn   | Place    | Note
--------------------------------------------------------------
     0 | D:1      | Fluffy, the Minotaur Fighter, began the quest for the Orb.
     0 | D:1      | Reached XP level 1. HP: 19/19 MP: 0/0
   153 | D:1      | Reached XP level 2. HP: 26/26 MP: 1/1
   478 | D:1      | Reached skill level 4 in Shields
   694 | D:2      | Reached XP level 3. HP: 20/33 MP: 2/2
  1344 | D:3      | Reached XP level 4. HP: 40/40 MP: 3/3
  1722 | D:4      | Noticed emiel's ghost (average MfWn)
  1753 | D:3      | Reached XP level 5. HP: 35/46 MP: 4/4
  1859 | D:3      | Gained mutation: Your body is slowly deteriorating. [potion of mutation]
  1859 | D:3      | Gained mutation: You are somewhat resistant to further mutation. [potion of mutation]
  1870 | D:4      | Mangled by emiel's ghost

Action                   |  1- 3 |  4- 6 || total
-------------------------+-------+-------++-------
Melee: Long sword        |   222 |    49 ||   271
  Use: Scroll            |     7 |     3 ||    10
       Potion            |       |     1 ||     1
  Eat: Chunk             |     2 |     1 ||     3
